 Dungeon Crawl Stone Soup version 0.28.0-45-g0d030f2227 (webtiles) character file.

Game seed: 12694391804118716332

4160 Icepheonix32 the Covered (level 10, -3/77 HPs)
             Began as a Demonspawn Fighter on Apr 6, 2022.
             Was a Follower of Okawaru.
             Slain by an orc warrior
             ... wielding a +0 spear
              (13 damage)
             ... in a bailey.
             The game lasted 00:12:11 (7941 turns).

Icepheonix32 the Covered (Demonspawn Fighter)       Turns: 7941, Time: 00:12:11

Health: -3/77      AC: 15    Str: 20    XL:     10   Next: 7%
Magic:  11/12      EV: 18    Int: 10    God:    Okawaru [*.....]
Gold:   472        SH:  7    Dex: 19    Spells: 9/9 levels left

rFire   . . .      SeeInvis .   B - +2 long sword (elec)
rCold   . . .      Faith    .   c - +0 buckler
rNeg    . . .      Spirit   .   C - +3 leather armour of Lugonu's Grace {Stlth+}
rPois   .          Reflect  .   (helmet restricted)
rElec   .          Harm     .   v - +0 cloak
rCorr   .          Rampage  .   (no gloves)
Will    +....                   k - +2 pair of boots
Stlth   +++++.....              (no amulet)
HPRegen 0.22/turn               q - +6 ring of dexterity
MPRegen 0.13/turn               w - ring of willpower

@: mighty, heroic
A: antennae 1, thin metallic scales 2, spiny 1
a: Renounce Religion, Heroism


You were in a bailey.
You worshipped Okawaru.
Okawaru was aware of your devotion.
You visited 2 branches of the dungeon, and saw 9 of its levels.
You also visited: Bailey.

You collected 472 gold pieces.

Inventory:

Hand Weapons
 a - a +0 long sword
 f - a +0 long sword
 x - a +1 dagger of electrocution
 y - a +3 vampiric dagger
 B - a +2 long sword of electrocution (weapon)
 E - a +0 flail of draining
Missiles
 s - 33 sling bullets
 t - 8 poisoned darts
Armour
 b - a +0 scale mail
 c - a +0 buckler (worn)
 j - a +0 chain mail
 k - a +2 pair of boots (worn)
 v - a +0 cloak (worn)
 A - a +0 ring mail of fire resistance
 C - the +3 leather armour of Lugonu's Grace (worn) {Stlth+}
   (You found it on level 6 of the Dungeon)

   Stlth:     It makes you more stealthy.
Jewellery
 q - a +6 ring of dexterity (left hand)
 w - a ring of willpower (right hand)
Wands
 z - a wand of paralysis (2)
Scrolls
 d - a scroll of blinking
 e - 2 scrolls of enchant armour
 g - a scroll of noise
 h - a scroll of fear
 i - a scroll of immolation
 l - 3 scrolls of acquirement {unknown}
 m - a scroll of holy word
 n - 2 scrolls of teleportation
 p - a scroll of summoning
 F - a scroll of vulnerability
Potions
 o - a potion of ambrosia {unknown}
 r - a potion of lignification
 u - a potion of resistance
 D - a potion of attraction {unknown}
 G - a potion of might
 H - 2 potions of curing
 I - 2 potions of heal wounds
 J - 2 potions of haste {unknown}
 K - 3 potions of magic {unknown}


   Skills:
 + Level 6.7(11.7) Fighting
 + Level 0.7(7.9) Short Blades
 + Level 4.5(9.6) Long Blades
 + Level 1.4(6.4) Throwing
 * Level 7.9(12.9) Armour
 + Level 4.8(9.8) Dodging
 + Level 3.6(8.6) Stealth
 + Level 5.3(10.3) Shields
 * Level 3.9 Invocations
 + Level 1.2 Evocations


You had 9 spell levels left.
You didn't know any spells.
Your spell library contained the following spells:

 Spells                   Type           Power      Damage    Failure   Level
 Freeze                   Ice            0%         1d3       45%         1
 Magic Dart               Conj           0%         1d3       45%         1
 Frozen Ramparts          Ice            0%         1d2       83%         3
 Mephitic Cloud           Conj/Pois/Air  0%         N/A       83%         3
 Hailstorm                Conj/Ice       0%         3d3       99%         4
 Blade Hands              Tmut           0%         N/A       100%        5
 Fireball                 Conj/Fire      0%         3d3       100%        5
 Iron Shot                Conj/Erth      0%         9d1       100%        6
 Starburst                Conj/Fire      0%         6d3       100%        6
 Orb of Destruction       Conj           0%         9d5       100%        7
 Ignition                 Fire           0%         3d3       100%        8
 Call Imp                 Summ           Unusable   N/A       N/A         2
 Summon Guardian Golem    Hex/Summ       Unusable   N/A       N/A         3
 Animate Armour           Summ/Erth      Unusable   N/A       N/A         4
 Spellforged Servitor     Conj/Summ      Unusable   N/A       N/A         7

Dungeon Overview and Level Annotations

Branches:
Dungeon (8/15)             Temple (1/1) D:7          Bailey (1/1)
   Lair: D:8-11

Altars:
Ashenzari
Cheibriados
Dithmenos
Fedhas
Hepliaklqana
Kikubaaqudgha
Makhleb
Nemelex Xobeh
Okawaru
Qazlal
Ru
Sif Muna
Trog
Uskayaw
Wu Jian
Xom
Yredelemnul
Zin
The Shining One
Beogh

Annotations:
D:4 3 runed translucent doors, Wentworth's ghost, amateur DrCj


Innate Abilities, Weirdness & Mutations

You have a pair of small antennae on your head.
You are mostly covered in thin metallic scales. (AC +3)
You are partially covered in sharp spines.


Message History

The orc knight misses you.
The orc warrior hits you but does no damage.
You block the orc warrior's attack.
You hit the orc knight.
The orc knight is lightly wounded.
The orc warrior hits you from afar with a +0 glaive.
* * * LOW HITPOINT WARNING * * *
The orc hits you but does no damage.
The orc knight is struck by your spines.
The orc knight hits you but does no damage.
The orc warrior closely misses you.
The orc warrior hits you from afar with a +0 spear!
* * * LOW HITPOINT WARNING * * *
The orc complains repeatedly.
Unknown command.
You feel much better.
The orc no longer looks unusually strong.
The orc warrior completely misses you. The orc misses you.
The orc knight roars a battlecry!
The orcs go into a battle-frenzy!
The orc warrior hits you with a +0 trident!
* * * LOW HITPOINT WARNING * * *
The orc warrior misses you.
You slash the orc knight!
The orc knight is moderately wounded.
The orc warrior closely misses you. The orc closely misses you.
You block the orc knight's attack. The orc warrior barely misses you. x2
Unknown command.
You slice the orc knight!!
The orc knight is heavily wounded.
The orc warrior barely misses you.
The orc hits you from afar with a +0 trident.
* * * LOW HITPOINT WARNING * * *
The orc warrior is struck by your spines.
The orc warrior misses you. The orc knight barely misses you.
The orc warrior is struck by your spines.
The orc warrior hits you with a +0 trident.
* * * LOW HITPOINT WARNING * * *
The orc warrior hits you from afar with a +0 spear!
You die...

#... .#
#'''''#
##.....##
#.......#
#.......#
#..oo.o.#
#..#o#oo#
#...o@).#
##..)).##
##'''##
#.....#
#.....#
#.....#
#.....#
#.....#
##'''##


You could see an orc knight, 4 orc warriors and 2 orcs.

Vanquished Creatures
  A two-headed ogre (D:8)
  An orc knight (Bailey)
  Prince Ribbit (D:5)
  Sigmund (D:5)
  An orc warrior (Bailey)
  An ice beast (D:7)
  2 black bears
  3 sky beasts (D:7)
  2 necrophages
  3 ogres
  2 phantoms
  A kobold brigand (D:6)
  2 bullfrogs (D:7)
  A wyvern zombie (D:7)
  A scorpion (D:4)
  2 water moccasin zombies (D:5)
  A water moccasin skeleton (D:5)
  3 killer bees (D:8)
  2 howler monkeys (D:4)
  A vampire bat (D:5)
  3 electric eels (D:7)
  A centaur zombie (D:5)
  4 hounds
  A jelly (D:6)
  3 orc priests
  A centaur skeleton (D:5)
  An iguana (D:5)
  6 orc wizards
  A killer bee zombie (D:7)
  3 gnolls (D:7)
  6 adders
  2 white imps
  An ufetubus (D:5)
  A worm (D:2)
  3 fire bats (D:5)
  38 orcs
  2 spectral bats (D:5)
  3 bat skeletons (D:5)
  A bat zombie (D:5)
  6 endoplasms
  6 giant cockroaches
  6 hobgoblins
  3 jackals (D:3)
  A quokka (D:1)
  7 ball pythons
  12 bats
  A bat simulacrum (D:5)
  2 frilled lizards
  4 goblins
  4 kobolds (D:6)
  2 rats (D:1)
167 creatures vanquished.

Notes
Turn   | Place    | Note
-------+----------+-------------------------------------------
     0 | D:1      | Icepheonix32 the Demonspawn Fighter began the quest for the
                  | Orb.
     0 | D:1      | Reached XP level 1. HP: 18/18 MP: 1/1
    18 | D:1      | Found a faded altar of an unknown god.
   393 | D:1      | Gained mutation: You are partially covered in sharp spines.
                  | [demonic ancestry]
   393 | D:1      | Reached XP level 2. HP: 24/24 MP: 2/2
   777 | D:2      | Reached skill level 3 in Armour
   929 | D:2      | Found a snail-covered altar of Cheibriados.
  1089 | D:2      | Reached XP level 3. HP: 21/29 MP: 3/3
  1383 | D:2      | Noticed a necrophage
  1405 | D:2      | Killed a necrophage
  1406 | D:2      | Reached XP level 4. HP: 27/37 MP: 4/4
  2042 | D:3      | Reached XP level 5. HP: 39/42 MP: 5/5
  2596 | D:4      | Reached skill level 4 in Armour
  2596 | D:4      | Reached skill level 1 in Dodging
  2656 | D:4      | Noticed an ogre
  2661 | D:4      | Killed an ogre
  2662 | D:4      | Gained mutation: You are partially covered in thin metallic
                  | scales. (AC +2) [demonic ancestry]
  2662 | D:4      | Reached XP level 6. HP: 49/49 MP: 6/6
  2786 | D:4      | Reached skill level 1 in Stealth
  2845 | D:4      | Gained mutation: You have a pair of small antennae on your
                  | head. [demonic ancestry]
  2845 | D:4      | Reached XP level 7. HP: 48/55 MP: 7/7
  2902 | D:4      | Found a shadowy altar of Dithmenos.
  3105 | D:4      | Reached skill level 5 in Fighting
  3105 | D:4      | Reached skill level 5 in Armour
  3286 | D:4      | Found a runed translucent gate.
  3287 | D:4      | Found a runed translucent gate.
  3287 | D:4      | Identified the +8 short sword of Burning Integrity {freeze,
                  | rC+ Int+4}
  3287 | D:4      | Identified the +5 chain mail "Tiarihij" {Fly rN++ Str+2
                  | Stlth+}
  3287 | D:4      | Noticed Wentworth's ghost (amateur DrCj)
  3288 | D:4      | Found a runed translucent gate.
  3565 | D:5      | Entered Level 5 of the Dungeon
  3932 | D:5      | Reached skill level 6 in Armour
  3932 | D:5      | Gained mutation: You are mostly covered in thin metallic
                  | scales. (AC +3) [demonic ancestry]
  3932 | D:5      | Reached XP level 8. HP: 56/62 MP: 8/8
  3998 | D:5      | Noticed Sigmund
  4011 | D:5      | Killed Sigmund
  4266 | D:5      | Noticed Prince Ribbit
  4294 | D:5      | Killed Prince Ribbit
  4295 | D:5      | Reached skill level 1 in Throwing
  4295 | D:5      | Reached skill level 7 in Armour
  4495 | D:5      | Found a basalt altar of Yredelemnul.
  4822 | D:6      | Found a broken altar of Ashenzari.
  4892 | D:6      | Found a blossoming altar of Fedhas.
  4908 | D:6      | Identified the +3 leather armour of Lugonu's Grace {Stlth+}
  5272 | D:6      | Reached XP level 9. HP: 62/69 MP: 9/9
  5717 | D:7      | Reached skill level 5 in Shields
  5775 | D:7      | Found a staircase to the Ecumenical Temple.
  5785 | Temple   | Entered the Ecumenical Temple
  5973 | Temple   | Became a worshipper of Warmaster Okawaru
  6430 | D:7      | Reached skill level 1 in Invocations
  7366 | D:8      | Noticed a two-headed ogre
  7381 | D:8      | Killed a two-headed ogre
  7381 | D:8      | Reached * piety under Okawaru
  7382 | D:8      | Reached skill level 1 in Evocations
  7562 | D:8      | Found a flagged portal.
  7572 | Bailey   | Entered a bailey
  7919 | Bailey   | Noticed an orc knight
  7919 | Bailey   | Noticed an orc knight
  7934 | Bailey   | Killed an orc knight
  7935 | Bailey   | Reached XP level 10. HP: 14/77 MP: 10/12
  7941 | Bailey   | Slain by an orc warrior

Illustrated notes

Levels and vault maps discovered:
D:1:      minmay_arrival_radiant_lines, layout_rooms,
          shapermc_ecumenical_altar_venn, skrybe_limestone_x, nrook_mini_vaults,
          minmay_pentomino_x4
D:2:      layout_rooms, basic_altar, serial_co_window_serial, co_window_paths_a,
          co_window_corner_a, co_window_paths_b, co_window_paths_a,
          co_window_corner_a, co_window_corner_a, co_window_of_opportunity_a,
          co_window_corner_cb, co_window_2corner, co_window_broadway_b,
          co_window_broadway_c, co_window_corner_b, co_window_corner_b,
          co_window_4corner_a, co_window_paths_d, glass_columns_c,
          glass_columns_a, glass_columns_c, glass_columns_a, glass_columns_a
D:3:      wander_river, layout_rooms
D:4:      layout_rooms, mainiacjoe_overflow_brackets,
          biasface_ghost_orc_armoury, roderic_serpentine_path
D:5:      layout_cave_pools, lemuel_doored_altar, serial_park_tiny_1,
          goddamned_bats, uniq_sigmund, uniq_prince_ribbit1
D:6:      layout_loops_ring, evilmike_ruin_ashenzari,
          mainiacjoe_overflow_cross_hatched
D:7:      layout_basic, minmay_temple_entry_sparse_star, minmay_liquid_box,
          kennysheep_boxes
D:8:      layout_loops_ring, mainiacjoe_overflow_big_doors, enter_bailey_4,
          minmay_holes
Temple:   bh_familiar_temple
Bailey:   bailey_polearm_5, bailey

Skill      XL: |  1  2  3  4  5  6  7  8  9 |
---------------+----------------------------+-----
Long Blades    | 2 4 |  4.5
Armour         | 3 4 6 7 |  7.9
Shields        | 3 4 5 |  5.3
Fighting       | 4 5 6 |  6.7
Dodging        | 1 2 4 |  4.8
Stealth        | 1 2 3 |  3.6
Throwing       | 1 |  1.4
Invocations    | 3 |  3.9
Evocations     | 1 |  1.2
Short Blades   | |  0.7

Action                   |  1- 3 |  4- 6 |  7- 9 | 10-12 || total
-------------------------+-------+-------+-------+-------++-------
Melee: Long sword        |    69 |    64 |   270 |     5 ||   408
       Dagger            |       |       |    21 |       ||    21
Throw: Dart              |       |       |    13 |       ||    13
Invok: Heroism           |       |       |     1 |       ||     1
Evoke: Wand              |       |       |    11 |       ||    11
  Use: Potion            |       |     1 |     8 |     2 ||    11
       Scroll            |       |       |    10 |       ||    10
 Stab: Sleeping          |       |       |     4 |       ||     4
       Paralysed         |       |       |     4 |       ||     4
Armor: Scale mail        |    35 |    40 |    96 |       ||   171
       Skin              |       |       |    28 |       ||    28
       Leather armour    |       |       |    63 |     5 ||    68
Dodge: Dodged            |    27 |    33 |   219 |    15 ||   294
Block: Buckler           |    22 |    16 |   108 |     5 ||   151
